 Seeded DCSS version 0.30.0-10-gfe55d96785 (webtiles) character file.

Game seed: 16807595765908718764 (custom seed)

175 RascalDebosk the Magician (level 5, -2/38 HPs)
             Began as a Djinni Conjurer on May 13, 2023.
             Slain by a centaur (5 damage)
             ... on level 5 of the Dungeon.
             The game lasted 00:19:51 (3281 turns).

RascalDebosk the Magician (Djinni Conjurer)         Turns: 3281, Time: 00:19:52

Health: -2/38      AC:  6    Str:  6    XL:     5   Next: 86%
Gold:   323        EV:  9    Int: 21    God:
                   SH:  0    Dex: 12

rFire   + + .        s - +2 dagger (holy)
rCold   x . .        (no shield)
rNeg    . . .        u - +0 ring mail
rPois   ∞            l - +0 helmet
rElec   .            (no cloak)
rCorr   .            (no gloves)
SInv    +            (boots unavailable)
Will    .....        (no amulet)
Stlth   +            q - ring of wizardry
HPRegen 0.26/turn    y - ring of see invisible
MPRegen 0.00/turn

%: wizardry (x1), infuse magic (-3 HP)
@: flying
A: sickness immunity, fire resistance 2, cold vulnerability 1, float, innate
caster, HP casting, extra vitality 1
a: no special abilities


You were on level 5 of the Dungeon.
You visited 1 branch of the dungeon, and saw 5 of its levels.

You collected 323 gold pieces.

Inventory:

Hand Weapons
 h - a +2 short sword of draining
 s - a +2 dagger of holy wrath (weapon)
Armour
 a - a +0 robe
 l - a +0 helmet (worn)
 u - a +0 ring mail (worn)
Jewellery
 q - a ring of wizardry (left hand)
 y - a ring of see invisible (right hand)
Scrolls
 b - a scroll of noise {unknown}
 c - 2 scrolls of vulnerability {unknown}
 f - 3 scrolls of teleportation {unknown}
 g - 4 scrolls of magic mapping {unknown}
 j - a scroll of summoning {unknown}
 k - 2 scrolls of poison {unknown}
 n - a scroll of fear {unknown}
 p - 3 scrolls of identify {unknown}
 v - a scroll of acquirement {unknown}
 w - a scroll of enchant armour {unknown}
 x - a scroll of immolation {unknown}
 A - a scroll of amnesia {unknown}
Potions
 d - a potion of brilliance {unknown}
 e - a potion of lignification {unknown}
 i - a potion of berserk rage {unknown}
 m - a potion of flight {unknown}
 o - a potion of invisibility {unknown}
 r - a potion of haste {unknown}
 t - 2 potions of attraction {unknown}
 z - a potion of ambrosia {unknown}


   Skills:
 * Level 2.0 Fighting
 + Level 1.2 Short Blades
 + Level 1.1 Armour
 - Level 2.1 Dodging
 - Level 1.5 Stealth
 * Level 4.3 Spellcasting
 + Level 1.3 Evocations


You knew the following spells:

 Your Spells              Type           Power      Damage    Failure   Level
a - Magic Dart            Conj           88%        1d7       3%          1
b - Searing Ray           Conj           44%        2d6       4%          2
c - Dazzling Flash        Conj/Hex       44%        N/A       9%          3
d - Fulminant Prism       Conj/Hex       11%        3d9       28%         4
e - Iskenderun's Mystic   Conj/Tloc      22%        2d6       28%         4
f - Slow                  Hex            88%        N/A       3%          1
g - Poisonous Vapours     Pois/Air       44%        N/A       4%          2
Your spell library was empty.

Dungeon Overview and Level Annotations

Branches:
Dungeon (5/15)             Temple (0/1) D:5

Altars:
Hepliaklqana
Trog

Shops:
D:2 (   D:4 [


Innate Abilities, Weirdness & Mutations

You are immune to sickness and miasma.
You are immune to poison.
Your flesh is very heat resistant. (rF++)
You are vulnerable to cold. (rC-)
You float through the air rather than walking.
You learn spells naturally, not from books.
Your magical power is your life essence.
You have superior vitality. (+4 MHP)


Message History

The orc is severely wounded.
Casting: Magic Dart (safe; 3% risk of failure)
Confirm with . or Enter, or press ? or * to list all spells.
Aiming: Magic Dart (safe; 3% risk of failure)
Press: ? - help, Shift-Dir - straight line, f/p - orc
Aim: an orc, wielding a +0 club and wearing a +0 leather armour (severely wounded, 100% to hit)
The magic dart hits the orc.
You kill the orc!
Casting: Magic Dart (safe; 3% risk of failure)
Confirm with . or Enter, or press ? or * to list all spells.
Aiming: Magic Dart (safe; 3% risk of failure)
Press: ? - help, Shift-Dir - straight line, f - orc wizard
Aim: an orc wizard, wielding a +0 dagger and wearing a +0 robe (lightly wounded, 100% to hit)
The magic dart hits the orc wizard.
The orc wizard is lightly wounded.
Casting: Magic Dart (safe; 3% risk of failure)
Confirm with . or Enter, or press ? or * to list all spells.
Aiming: Magic Dart (safe; 3% risk of failure)
Press: ? - help, Shift-Dir - straight line, f/p - orc wizard
Aim: an orc wizard, wielding a +0 dagger and wearing a +0 robe (lightly wounded, 100% to hit)
The magic dart hits the orc wizard.
The orc wizard is moderately wounded.
Casting: Magic Dart (safe; 3% risk of failure)
Confirm with . or Enter, or press ? or * to list all spells.
Aiming: Magic Dart (safe; 3% risk of failure)
Press: ? - help, Shift-Dir - straight line, f/p - orc wizard
Aim: an orc wizard, wielding a +0 dagger and wearing a +0 robe (moderately wounded, 100% to hit)
The magic dart hits the orc wizard.
The orc wizard is heavily wounded.
Casting: Magic Dart (safe; 3% risk of failure)
Confirm with . or Enter, or press ? or * to list all spells.
Aiming: Magic Dart (safe; 3% risk of failure)
Press: ? - help, Shift-Dir - straight line, f/p - orc wizard
Aim: an orc wizard, wielding a +0 dagger and wearing a +0 robe (heavily wounded, 100% to hit)
The magic dart hits the orc wizard.
The orc wizard is severely wounded.
Casting: Magic Dart (safe; 3% risk of failure)
Confirm with . or Enter, or press ? or * to list all spells.
Aiming: Magic Dart (safe; 3% risk of failure)
Press: ? - help, Shift-Dir - straight line, f/p - orc wizard
Aim: an orc wizard, wielding a +0 dagger and wearing a +0 robe (severely wounded, 100% to hit)
The magic dart hits the orc wizard but does no damage.
The orc wizard is severely wounded.
Casting: Magic Dart (safe; 3% risk of failure)
Confirm with . or Enter, or press ? or * to list all spells.
Aiming: Magic Dart (safe; 3% risk of failure)
Press: ? - help, Shift-Dir - straight line, f/p - orc wizard
Aim: an orc wizard, wielding a +0 dagger and wearing a +0 robe (severely wounded, 100% to hit)
The magic dart hits the orc wizard.
You kill the orc wizard!
Your Fighting skill increases to level 2!
You start resting.
HP restored.
Things that are here:
a +0 dagger; a +0 robe; an orc corpse
Found a book of Vapours.
Found a stone staircase leading down.
Found a stone staircase leading down.
Found a stone staircase leading up.
You now have 309 gold pieces (gained 10).
There is a stone staircase leading down here.
z - a murky emerald potion You now have 323 gold pieces (gained 14).
Found 6 stones.
A - a scroll labelled JEFYS CIFU The centaur shouts!
The centaur wields a +0 shortbow.
The centaur shoots an arrow.
The arrow hits you.
Found a staircase to the Ecumenical Temple.
The centaur shoots an arrow.
The arrow hits you.
Casting: Magic Dart (safe; 3% risk of failure)
Confirm with . or Enter, or press ? or * to list all spells.
Aiming: Magic Dart (safe; 3% risk of failure)
Press: ? - help, Shift-Dir - straight line, f - centaur
Aim: a centaur, wielding a +0 shortbow (100% to hit)
The magic dart hits the centaur.
The centaur is moderately wounded.
The centaur shoots an arrow.
The arrow hits you!
* * * LOW HITPOINT WARNING * * *
The centaur shoots an arrow.
The arrow hits you.
* * * LOW HITPOINT WARNING * * *
The centaur shoots an arrow.
The arrow hits you!
* * * LOW HITPOINT WARNING * * *
The centaur shoots an arrow.
The arrow closely misses you.
The centaur shoots an arrow.
The arrow barely misses you.
Casting: Magic Dart (safe; 3% risk of failure)
Confirm with . or Enter, or press ? or * to list all spells.
Aiming: Searing Ray (safe; 4% risk of failure)
Press: ? - help, Shift-Dir - straight line, f/p - centaur
Aim: a centaur, wielding a +0 shortbow (lightly wounded, 87% to hit)
The searing ray hits the centaur!
The centaur is heavily wounded. (Press . to maintain the ray.)
* * * LOW HITPOINT WARNING * * *
The centaur shoots an arrow.
The arrow barely misses you.
The searing ray hits the centaur.
The centaur is severely wounded.
* * * LOW HITPOINT WARNING * * *
The centaur unwields a +0 shortbow.
The centaur hits you.
You die...

#......##....## ###+###
#......#...#..# #⌠.⌠#
#.........##..# #.>.#
#........##..#. c.⌠
####..##.......... #'#
#.#...##.........# #.#
#.....#.........## #.#
#............#....
#c###@...........#.##.
#...#c...#............
###.##...#..##.....###
#............#...#
###................#
##.....#.#........#....
##.....##.#........##...
#.....######............
##..(## #............


You could see a centaur.

Vanquished Creatures
  An orc priest (D:3)
  An orc wizard (D:5)
  Robin (D:3)
  2 adders
  An ufetubus (D:4)
  3 worms (D:4)
  2 dart slugs
  7 orcs
  4 endoplasms
  3 giant cockroaches
  16 goblins
  2 hobgoblins (D:3)
  2 jackals (D:4)
  3 quokkas (D:3)
  A ball python (D:3)
  3 bats
  2 frilled lizards
  4 kobolds
  5 rats
  A spectral kobold (D:4)
  A fulminant prism (D:4)
65 creatures vanquished.

Notes
Turn   | Place    | Note
-------+----------+-------------------------------------------
     0 | D:1      | RascalDebosk the Djinni Conjurer began the quest for the
                  | Orb.
     0 | D:1      | RascalDebosk set off with the following spells memorised:
                  | Magic Dart, Searing Ray, Dazzling Flash, Fulminant Prism,
                  | Iskenderun's Mystic Blast.
     0 | D:1      | Reached XP level 1. HP: 15/15 MP: 0/0
   133 | D:1      | Reached XP level 2. HP: 19/21 MP: 0/0
   673 | D:2      | Found Emafad's Weapon Emporium.
   697 | D:2      | Reached XP level 3. HP: 23/25 MP: 0/0
   697 | D:2      | Learned a level 1 spell: Slow
   940 | D:3      | Noticed Robin
   951 | D:3      | Reached skill level 4 in Spellcasting
   956 | D:3      | Killed Robin
  1058 | D:3      | Reached XP level 4. HP: 14/31 MP: 0/0
  1060 | D:3      | Reached skill level 1 in Fighting
  1276 | D:3      | Found a bloodstained altar of Trog.
  1338 | D:3      | Reached skill level 1 in Short Blades
  1383 | D:3      | Reached XP level 5. HP: 37/37 MP: 0/0
  1383 | D:3      | Learned a level 2 spell: Poisonous Vapours
  2362 | D:4      | Reached skill level 1 in Evocations
  2611 | D:4      | Reached skill level 1 in Armour
  2739 | D:4      | Found Umuqaiki's Antique Armour Boutique.
  3003 | D:4      | Found a hazy altar of Hepliaklqana.
  3101 | D:5      | Entered Level 5 of the Dungeon
  3268 | D:5      | Noticed a centaur
  3269 | D:5      | Found a staircase to the Ecumenical Temple.
  3281 | D:5      | Slain by a centaur

Illustrated notes

Levels and vault maps discovered:
D:1:      dpeg_arrival_tiny_g, layout_basic, amcnicky_mini_rare_corridor_liquid
D:2:      layout_basic, serial_shops, shop, minmay_misc_feat_square
D:3:      layout_basic, trog_butcher_becter, serial_forest,
          infiniplex_forest_fountain, infiniplex_forest_lined_room_,
          infiniplex_forest_end_double, infiniplex_forest_diagonal,
          infiniplex_forest_clump_cross, infiniplex_forest_lined_2,
          infiniplex_forest_lined_corner, uniq_robin
D:4:      layout_gridville, nicolae_hepliaklqana_monster_ancestors,
          kennysheep_small_square
D:5:      minmay_inner_zag, layout_cave_pools, temple_doors_ab

Skill      XL: |  1  2  3  4  5 |
---------------+----------------+-----
Spellcasting   | 4 |  4.3
Fighting       | 1 2 |  2.0
Short Blades   | 1 |  1.2
Evocations     | 1 |  1.3
Armour         | 1 |  1.1
Dodging        | |  2.1
Stealth        | |  1.5

Action                     |  1- 3 |  4- 6 || total
---------------------------+-------+-------++-------
  Melee: Dagger            |       |    13 ||    13
         Punch             |       |     1 ||     1
   Cast: Magic Dart        |    31 |    38 ||    69
         Searing Ray       |     4 |    10 ||    14
         Iskenderun's Myst |       |     3 ||     3
         Poisonous Vapours |       |     2 ||     2
         Slow              |       |     1 ||     1
         Fulminant Prism   |       |     1 ||     1
 Armour: Robe              |     1 |     4 ||     5
         Ring mail         |       |     2 ||     2
  Dodge: Dodged            |     4 |    13 ||    17
